 Dungeon Crawl Stone Soup version 0.22-a0-608-g8a62e23 (webtiles) character file.

1555 Gildeon the Magician (level 8, -2/52 HPs)
             Began as a Mummy Fire Elementalist on July 9, 2018.
             Shot with an arrow by a centaur (15 damage)
             ... on level 5 of the Dungeon.
             The game lasted 00:24:45 (6986 turns).

Gildeon the Magician (Mummy Fire Elementalist)      Turns: 6986, Time: 00:24:46

Health: -2/52      AC:  4    Str: 12    XL:     8   Next: 58%
Magic:  17/30      EV: 14    Int: 15    God:
Gold:   302        SH:  0    Dex: 13    Spells: 4/17 levels left

rFire    x . .     SeeInvis .   f - staff of power
rCold    + . .     Gourm    .   (no shield)
rNeg     + + +     Faith    .   k - +0 robe
rPois    ∞         Spirit   .   g - +0 helmet
rElec    .         Reflect  .   (no cloak)
rCorr    .         Harm     .   e - +0 pair of gloves
MR       +....                  (no boots)
Stlth    +++.......             (no amulet)
HPRegen  0.17/turn              (no ring)
MPRegen  0.22/turn              (no ring)

@: no status effects
A: no food or potions, fire vulnerability, cold resistance 1, negative energy
resistance 3, torment resistance, unbreathing
a: no special abilities


You were on level 5 of the Dungeon.
You were not hungry.

You visited 1 branch of the dungeon, and saw 5 of its levels.

You collected 302 gold pieces.

Inventory:

Hand Weapons
 a - a +4 dagger of draining
 i - a +0 war axe of flaming
Armour
 e - a +0 pair of gloves (worn)
 g - a +0 helmet (worn)
 k - a +0 robe (worn)
Magical Staves
 f - an uncursed staff of power (weapon)
Wands
 h - a wand of enslavement (14)
 j - a wand of flame (30)
Scrolls
 b - 3 scrolls of amnesia
 c - 4 scrolls of teleportation
 d - 2 scrolls of blinking
 l - a scroll of remove curse
 m - a scroll of identify
 n - a scroll of magic mapping {unknown}
 o - a scroll of random uselessness {unknown}


   Skills:
 + Level 4.4 Dodging
 + Level 4.8 Stealth
 - Level 5.0 Spellcasting
 + Level 4.1 Conjurations
 + Level 4.9 Fire Magic


You had 4 spell levels left.
You knew the following spells:

 Your Spells              Type           Power        Failure   Level  Hunger
a - Flame Tongue          Conj/Fire      ###..        2%          1    N/A
b - Throw Flame           Conj/Fire      ###...       3%          2    N/A
c - Conjure Flame         Conj/Fire      ###.....     8%          3    N/A
d - Inner Flame           Hex/Fire       ##......     19%         3    N/A
e - Sticky Flame          Conj/Fire      ###.....     26%         4    N/A

Your spell library contained the following spells:

 Spells                   Type           Power        Failure   Level  Hunger
 Fireball                 Conj/Fire      ###.......   56%         5    N/A

Dungeon Overview and Level Annotations

Branches:
Dungeon (5/15)
 Temple: D:4-7

Altars:


Innate Abilities, Weirdness & Mutations

You do not eat or drink.
Your flesh is vulnerable to fire.
You are immune to poison.
Your flesh is cold resistant. (rC+)
You are immune to negative energy. (rN+++)
You are immune to unholy pain and torment.
You can survive without breathing.


Message History

a - a +4 dagger of draining (weapon)
The centaur wields a shortbow.
The centaur shoots an arrow.
The arrow hits you!
You see here an arrow.
Wield which item (- for none, * to show all)? (? for menu, Esc to quit)
You feel your magic capacity increase.
f - an uncursed staff of power (weapon)
The centaur shoots an arrow.
The arrow hits you!
The centaur shoots an arrow.
The arrow barely misses you.
You see here an arrow.
The centaur shoots an arrow.
The arrow hits you!
Casting: Flame Tongue (safe; 2% risk of failure)
Confirm with . or Enter, or press ? or * to list all spells.
You can't see any susceptible monsters within range! (Use Z to cast anyway.) Unknown command.
The centaur shoots an arrow.
The arrow hits you.
The centaur shoots an arrow.
The arrow hits you.
* * * LOW HITPOINT WARNING * * *
You see here 2 arrows.
The centaur shoots an arrow.
The arrow hits you!
You die...

##.## #####.#######.... #.##
..c...!........## #..#
#c#####..## ##.########
##.#........ ######.##.....#
#.........##
........#...p.########c.#.####...
######..#............(..#.####.##
#..#.....##.(...(......(..#
#..#..)..##@######........#
##..###.####.# ###.######
#...###.# #.# #.# #.......# #.#
#.# #.!.##### #.# #.# ###.# #.#
#.####### #(########.# #........
#>.........# #########
############


You could see a centaur.

Vanquished Creatures
  Sigmund (D:3)
  An ice beast (D:5)
  A sky beast (D:5)
  2 slaves (D:5)
  A phantom (D:4)
  3 ogres
  3 hounds
  2 orc wizards (D:5)
  A centaur skeleton (D:5)
  Ijyb (D:3)
  Natasha (twice) (D:3)
  2 hound skeletons
  Robin (D:3)
  3 gnolls (D:2)
  4 adders
  An ooze (D:3)
  An adder skeleton (D:5)
  A worm (D:3)
  A dart slug (D:2)
  3 leopard geckos
  9 orcs
  3 giant cockroaches
  10 goblins
  10 hobgoblins
  6 jackals
  9 kobolds
  3 quokkas
  2 ball pythons
  11 bats
  7 frilled lizards
  8 rats
113 creatures vanquished.

Vanquished Creatures (collateral kills)
  Pikel (D:5)
1 creature vanquished.

Grand Total: 114 creatures vanquished

Notes
Turn   | Place    | Note
-------+----------+-------------------------------------------
     0 | D:1      | Gildeon the Mummy Fire Elementalist began the quest for the Orb.
     0 | D:1      | Reached XP level 1. HP: 13/13 MP: 4/4
   381 | D:1      | Reached skill level 1 in Conjurations
   424 | D:1      | Reached XP level 2. HP: 19/19 MP: 3/5
   740 | D:1      | Reached skill level 3 in Spellcasting
  1524 | D:2      | Reached XP level 3. HP: 24/24 MP: 4/7
  1558 | D:2      | Learned a level 2 spell: Throw Flame
  1562 | D:2      | Learned a level 3 spell: Conjure Flame
  2184 | D:2      | Reached XP level 4. HP: 27/30 MP: 5/9
  2252 | D:2      | Learned a level 3 spell: Inner Flame
  2877 | D:3      | Noticed an ogre
  2893 | D:3      | Noticed Ijyb
  3361 | D:3      | Noticed Robin
  3365 | D:3      | Killed Robin
  3365 | D:3      | Reached XP level 5. HP: 30/35 MP: 10/10
  3427 | D:3      | Killed an ogre
  3427 | D:3      | Reached skill level 4 in Spellcasting
  3561 | D:3      | Noticed Sigmund
  3581 | D:3      | Killed Sigmund
  3581 | D:3      | Reached XP level 6. HP: 33/41 MP: 12/12
  3663 | D:3      | Noticed Natasha
  3669 | D:3      | Killed Natasha
  3805 | D:3      | Killed Ijyb
  4081 | D:3      | Noticed Natasha
  4087 | D:3      | Killed Natasha
  4467 | D:4      | Reached XP level 7. HP: 46/46 MP: 9/14
  4473 | D:4      | Learned a level 4 spell: Sticky Flame
  5126 | D:4      | Reached skill level 5 in Spellcasting
  5152 | D:5      | Entered Level 5 of the Dungeon
  5898 | D:5      | Reached XP level 8. HP: 52/52 MP: 15/15
  6127 | D:5      | Noticed Pikel
  6528 | D:5      | Killed Pikel
  6986 | D:5      | Shot with an arrow by a centaur

Vault maps used:
D:1:      dpeg_arrival_erosion, minmay_misc_feat_four_crosses,
          patterned_corridor
D:2:      hex_medium, bh_walls_and_bars
D:3:      uniq_robin, uniq_sigmund, uniq_natasha, uniq_ijyb
D:4:      first_ration, skrybe_limestone_x
D:5:      uniq_pikel

Skill      XL: |  1  2  3  4  5  6  7  8 |
---------------+-------------------------+-----
Conjurations   | 1 2 3 4 |  4.1
Spellcasting   | 3 4 5 |  5.0
Stealth        | 2 3 4 |  4.8
Dodging        | 2 3 4 |  4.4
Fire Magic     | 3 4 |  4.9

Action                   |  1- 3 |  4- 6 |  7- 9 || total
-------------------------+-------+-------+-------++-------
Melee: Unarmed           |     4 |       |       ||     4
       Dagger            |    26 |    22 |     9 ||    57
       Staff             |       |     2 |     5 ||     7
 Cast: Flame Tongue      |    67 |    82 |   100 ||   249
       Throw Flame       |       |    12 |     1 ||    13
Evoke: Wand              |       |       |     8 ||     8
  Use: Scroll            |     2 |     3 |     3 ||     8
 Stab: Sleeping          |     3 |     6 |     2 ||    11
Armor: Robe              |     6 |    10 |     4 ||    20
Dodge: Dodged            |    44 |    35 |    45 ||   124

Table legend:
 A = Spawn XP
 B = Non-spawn XP
 C = Spawn XP percentage of total XP
 D = Spawn monster count
 E = Non-spawn monster count
 F = Spawn count percentage of total count
 G = Total turns spent on level
                    A         B        C        D         E        F      G
               +---------+---------+-------+---------+---------+-------+---------
         Total |       0 |    2222 |   0.0 |       0 |     112 |   0.0 |  6986
               +---------+---------+-------+---------+---------+-------+---------
           D:1 |       0 |      39 |   0.0 |       0 |      25 |   0.0 |  1468
           D:2 |       0 |      95 |   0.0 |       0 |      27 |   0.0 |  1293
           D:3 |       0 |     539 |   0.0 |       0 |      32 |   0.0 |  1513
           D:4 |       0 |     242 |   0.0 |       0 |      10 |   0.0 |   878
           D:5 |       0 |    1307 |   0.0 |       0 |      18 |   0.0 |  1834
               +---------+---------+-------+---------+---------+-------+---------
